 Dungeon Crawl Stone Soup version 0.16-a0-331-g39fd2ee (webtiles) character file.

3500 PolkaDot the Summoner (level 9, 0/57 HPs)
             Began as a Vampire Summoner on Sept 7, 2014.
             Was a Follower of Sif Muna.
             Slain by a scorpion (10 damage)
             ... on Level 9 of the Dungeon.
             The game lasted 00:33:18 (9898 turns).

PolkaDot the Summoner (Vampire Summoner)            Turns: 9898, Time: 00:33:18

HP   0/57        AC  8     Str  7      XL: 9   Next: 80%
MP  11/15        EV 13     Int 20      God: Sif Muna [*.....]
Gold 381         SH  0     Dex 14      Spells:  3 memorised,  3 levels left

rFire  . . .     SeeInvis +     x - +1 trident
rCold  + . .     Clarity  .     k - +2 robe {rC+}
rNeg   + . .     rCorr    .     (no shield)
rPois  .         rRot     .     (no helmet)
rElec  .         Spirit   .     w - +0 cloak
SustAb .         Warding  .     (no gloves)
rMut   .         Stasis   .     (no boots)
Gourm  .                        (no amulet)
MR     .....                    n - +3 ring of protection
                                d - +1 ring of evasion

@: not resistant to hostile enchantments, unstealthy
A: bottle blood, fangs 3, see invisible, unbreathing
a: Bat Form, Bottle Blood, Channel Energy, Renounce Religion


You were on level 9 of the Dungeon.
You worshipped Sif Muna.
Sif Muna was aware of your devotion.
You were not thirsty.

You visited 2 branches of the dungeon, and saw 10 of its levels.

You collected 381 gold pieces.

Inventory:

Hand weapons
 x - a +1 trident (weapon)
Armour
 k - a +2 robe of cold resistance (worn)
 w - a +0 cloak (worn)
Magical devices
 p - a wand of enslavement (12)
 s - a wand of confusion (23)
 v - a wand of fireball (4)
Scrolls
 e - 2 scrolls of remove curse
 h - a scroll of noise
Jewellery
 d - a +1 ring of evasion (left hand)
 n - a +3 ring of protection (right hand)
Potions
 f - a potion of mutation {!q}
 g - a potion of confusion {!q}
 i - a potion of poison {!q}
 j - a potion of might
 m - a potion of restore abilities
 q - a potion of brilliance
 r - a potion of haste {unknown}
 t - a potion of agility {unknown}
 u - a potion of cure mutation {unknown}
Books
 b - a book of Callings

   Spells                             Type                      Level
   Summon Small Mammal                Summoning                    1
   *Call Imp                          Summoning                    2
   *Call Canine Familiar              Summoning                    3
   Summon Guardian Golem              Hexes/Summoning              4
   Summon Lightning Spire             Summoning/Air                4
   *Summon Ice Beast                  Ice/Summoning                4


   Skills:
 - Level 2.1 Dodging
 - Level 3.0 Stealth
 - Level 2.0 Spellcasting
 - Level 12.0 Summonings
 * Level 6.4 Ice Magic
 + Level 3.8 Invocations


You had 3 spell levels left.
You knew the following spells:

 Your Spells              Type           Power        Failure   Level  Hunger
d - Call Canine Familiar  Summ           ######..     1%          3    ###....
i - Summon Ice Beast      Ice/Summ       #####...     4%          4    #####..
s - Call Imp              Summ           ######..     1%          2    ##.....


Dungeon Overview and Level Annotations

Branches:
Dungeon (9/15)             Temple (1/1) D:7             Orc (0/4) D:9
   Lair: D:8-11

Altars:
Ashenzari
Cheibriados
Dithmenos
Elyvilon
Fedhas
Gozag
Kikubaaqudgha
Makhleb
Nemelex Xobeh
Okawaru
Qazlal
Sif Muna
Trog
Vehumet
Xom
Yredelemnul
Zin
The Shining One
Beogh

Annotations:
D:7 runewalsh's ghost, experienced TrWz


Innate Abilities, Weirdness & Mutations

You can bottle blood from corpses.
You have razor-sharp teeth.
You have supernaturally acute eyesight.
You can survive without breathing.


Message History

Your warg bites the yak.
The yak gores your warg!
Your warg dies!
Your warg's corpse disappears in a puff of smoke!
The yak gores you!
* * * LOW HITPOINT WARNING * * *
Your ice beast hits the yak but does no damage.
Drink which item? (? for menu, Esc to quit)
Okay, then.
Read which item? (? for menu, Esc to quit)
Okay, then.
The yak closely misses your ice beast. The yak gores you.
* * * LOW HITPOINT WARNING * * *
Your ice beast hits the yak.
Your ice beast freezes the yak!
Your ice beast completely misses the yak.
The yak barely misses your ice beast.
Your ice beast hits the yak.
The yak dies!
Your ice beast hits the scorpion.
Your ice beast freezes the scorpion!
Your magical contamination has completely faded away.
The scorpion stings you!
You die...

########## #.Y......# #.s%)....#
###### #@YY.....#### .....######
#........?....#
..........######.............#
..............##...%......[..# .
..........###..##...##.......#...
..ยง.............)...............
..%.......####..#...##.......#
h.....)...[# ##.#..%##.......#
..)........# #.(...##.....(.#


You could see a yak, a scorpion and 2 friendly ice beasts.

Vanquished Creatures
  2 ogres
  Blork the orc (D:6)
  A scorpion (D:8)
  2 wights
  2 crimson imps
  A hound (D:7)
  An iguana (D:9)
  A giant frog skeleton (D:5)
  A jelly (D:9)
  A worker ant (D:6)
  2 hound zombies
  Natasha (D:5)
  7 adders
  A giant mite (D:3)
  2 worms
  An adder skeleton (D:4)
  6 giant geckos
  3 oozes
  2 orcs
  4 hobgoblins
  15 kobolds
  5 ball pythons
  5 bats
  4 giant cockroaches
  5 giant newts
  8 goblins
  A jackal skeleton (D:4)
  A kobold skeleton (D:4)
  4 quokkas
  7 rats
  4 ballistomycetes
101 creatures vanquished.

Vanquished Creatures (collateral kills)
  Pikel (D:6)
  A two-headed ogre (D:8)
  Prince Ribbit (D:8)
  A hill giant zombie (D:9)
  A hippogriff (D:6)
  5 yaks (D:9)
  Edmund (D:6)
  A water moccasin (D:6)
  The ghost of Elizilla the Ruffian, an average TrMo (D:3)
  5 ogres
  2 orc warriors (D:9)
  2 slaves (D:6)
  An ice beast (D:5)
  A necrophage (D:6)
  2 phantoms
  2 sky beasts
  A centaur (D:5)
  Duvessa (D:8)
  A big kobold (D:7)
  2 giant frogs
  11 wights
  2 scorpions
  5 crimson imps
  A goliath beetle (D:9)
  Dowan (D:8)
  2 jellies
  A quasit (D:7)
  A black bear zombie (D:7)
  3 hounds
  An iguana (D:5)
  4 orc wizards
  Natasha (twice) (D:5)
  4 worker ants
  4 adders
  2 gnolls (D:7)
  An orc zombie (D:9)
  A worm (D:3)
  2 giant geckos
  16 orcs
  4 goblins
  3 hobgoblins
  4 jackals (D:7)
  5 bats
  2 giant newts
  2 giant spores (D:8)
  8 kobolds
  An orc skeleton (D:8)
  3 rats
129 creatures vanquished.

Vanquished Creatures (others)
  A warg (D:9)
  7 wolves
  8 ice beasts
  A slave (D:6)
  A sky beast (D:6)
  2 crimson imps
  4 hounds
  A shadow imp (D:7)
  A white imp (D:7)
  A bat (D:1)
  A giant spore (D:9)
28 creatures vanquished.

Grand Total: 258 creatures vanquished

Notes
Turn   | Place    | Note
--------------------------------------------------------------
     0 | D:1      | PolkaDot, the Vampire Summoner, began the quest for the Orb.
     0 | D:1      | Reached XP level 1. HP: 13/13 MP: 3/3
   152 | D:1      | Reached XP level 2. HP: 13/19 MP: 0/4
   708 | D:1      | Learned a level 2 spell: Call Imp
   851 | D:2      | Found a shimmering altar of Xom.
   853 | D:2      | Found a shattered altar of Ashenzari.
   855 | D:2      | Found a radiant altar of Vehumet.
   856 | D:2      | Found a sparkling altar of Nemelex Xobeh.
   874 | D:2      | Reached skill level 5 in Summonings
   874 | D:2      | Reached XP level 3. HP: 6/24 MP: 0/6
  1775 | D:2      | Learned a level 3 spell: Call Canine Familiar
  1838 | D:3      | Reached XP level 4. HP: 30/30 MP: 7/7
  1985 | D:3      | Noticed Elizilla's ghost (average TrMo)
  2119 | D:3      | Killed Elizilla's ghost
  2119 | D:3      | Reached skill level 6 in Summonings
  2119 | D:3      | Reached XP level 5. HP: 10/35 MP: 1/9
  2717 | D:3      | Noticed an ogre
  2731 | D:3      | Killed an ogre
  2731 | D:3      | Reached skill level 7 in Summonings
  3455 | D:4      | Reached XP level 6. HP: 41/41 MP: 4/10
  3683 | D:4      | Noticed an ogre
  3701 | D:4      | Killed an ogre
  4384 | D:5      | Entered Level 5 of the Dungeon
  4386 | D:5      | Found a blossoming altar of Fedhas.
  4387 | D:5      | Noticed Natasha
  4404 | D:5      | Reached skill level 8 in Summonings
  4542 | D:5      | Killed Natasha
  4869 | D:5      | Reached XP level 7. HP: 35/46 MP: 8/12
  4882 | D:5      | Noticed Natasha
  4891 | D:5      | Killed Natasha
  5069 | D:5      | Noticed Natasha
  5076 | D:5      | Killed Natasha
  5192 | D:5      | Reached skill level 9 in Summonings
  5516 | D:5      | Learned a level 4 spell: Summon Ice Beast
  5566 | D:6      | HP: 2/46 [wight/glowing halberd (11)]
  5869 | D:6      | Reached skill level 10 in Summonings
  5950 | D:6      | Reached XP level 8. HP: 29/52 MP: 13/13
  6099 | D:6      | Noticed Pikel
  6112 | D:6      | Killed Pikel
  6174 | D:6      | Found a glowing silver altar of Zin.
  6233 | D:6      | Reached skill level 11 in Summonings
  6419 | D:6      | Noticed Edmund
  6431 | D:6      | Killed Edmund
  6587 | D:6      | Noticed Blork the orc
  6596 | D:6      | Killed Blork the orc
  7047 | D:7      | Reached skill level 12 in Summonings
  7195 | D:7      | Found a staircase to the Ecumenical Temple.
  7205 | Temple   | Entered the Ecumenical Temple
  7439 | Temple   | Became a worshipper of Sif Muna the Loreminder
  7624 | D:7      | Noticed runewalsh's ghost (experienced TrWz)
  7929 | D:7      | Reached skill level 1 in Ice Magic
  8045 | D:7      | Reached XP level 9. HP: 57/57 MP: 14/14
  8516 | D:8      | Noticed Dowan
  8517 | D:8      | Noticed Duvessa
  8522 | D:8      | Killed Duvessa
  8533 | D:8      | Killed Dowan
  8640 | D:8      | Noticed Prince Ribbit
  8729 | D:8      | Killed Prince Ribbit
  8729 | D:8      | Reached skill level 1 in Invocations
  9217 | D:9      | Acquired Sif Muna's first power
  9415 | D:9      | Reached skill level 5 in Ice Magic
  9429 | D:9      | Found a staircase to the Orcish Mines.
  9448 | D:9      | Found a roughly hewn altar of Beogh.
  9898 | D:9      | Slain by a scorpion

Action                   |  1- 3 |  4- 6 |  7- 9 || total
-------------------------+-------+-------+-------++-------
Melee: Unarmed           |    25 |       |       ||    25
       Mace              |    31 |       |       ||    31
       Dagger            |    87 |    39 |       ||   126
       Spear             |       |   187 |   292 ||   479
       Trident           |       |       |    60 ||    60
 Cast: Summon Small Mamm |    13 |       |       ||    13
       Call Imp          |     7 |    13 |    16 ||    36
       Call Canine Famil |       |    13 |    28 ||    41
       Summon Ice Beast  |       |       |    34 ||    34
Invok: Channel Energy    |       |       |    24 ||    24
Evoke: Wand              |       |       |     3 ||     3
  Use: Potion            |     5 |     1 |     4 ||    10
       Scroll            |       |     5 |    12 ||    17
 Stab: Sleeping          |     7 |    12 |     4 ||    23
       Distracted        |     1 |     2 |       ||     3
  Eat: Corpse            |    13 |    17 |    31 ||    61
